TOP OF THE 1ST |
Augusta GreenJackets batting - Pitching for Hartford Yard Goats : LHP Ryouhei Hosaka
|
Pitching: LHP Ryouhei Hosaka
|
|
Batting: RHB Danny Gallo
|
0-0: Bunt for hit to 23 - play at first, batter safe!
|
Batting: RHB Mike Buchanan
|
0-0: Ball 1-0: Called Strike 1-1: Called Strike 1-2: Strikes out swinging
|
Batting: LHB Carey Horncole
|
0-0: Ball 1-0: Swinging Strike 1-1: Ball 2-1: Foul Ball, location: 2F 2-2: Ball 3-2: Foul Ball, location: 2F 3-2: Grounds into double play, 4-6-3 (Groundball, 4S, EV 87.5 MPH)
|
Top of the 1st over - 0 runs, 1 hit, 0 errors, 0 left on base; Augusta 0 - Hartford 0 |
BOTTOM OF THE 1ST |
Hartford Yard Goats batting - Pitching for Augusta GreenJackets : RHP Doug Kennie
|
Pitching: RHP Doug Kennie
|
|
Batting: SHB Eddie Quinones
|
0-0: Ball 1-0: Ground out 4-3 (Groundball, 34D, EV 106.3 MPH)
|
Batting: SHB In-sung Lee
|
0-0: Ball 1-0: SINGLE (Line Drive, 78S, EV 98.8 MPH)
|
Batting: LHB Jeremy Brammer
|
0-0: Ball 1-0: Called Strike In-sung Lee steals 2nd, throwing error, E2 In-sung Lee to third 1-1: Foul Ball, location: 2F 1-2: Ground out U3 (Groundball, 3, EV 97.5 MPH)
|
Batting: RHB Kian-tat Chen
|
0-0: Called Strike 0-1: Called Strike 0-2: Ball Balk! In-sung Lee scores 1-2: Foul Ball, location: 2F 1-2: Ball 2-2: Foul Ball, location: 2F 2-2: Foul Ball, location: 2F 2-2: Foul Ball, location: 2F 2-2: Foul Ball, location: 2F 2-2: Ball 3-2: Ground out 3-1 (Groundball, 34, EV 104.4 MPH)
|
Bottom of the 1st over - 1 run, 1 hit, 1 error, 0 left on base; Augusta 0 - Hartford 1 |
TOP OF THE 2ND |
Augusta GreenJackets batting - Pitching for Hartford Yard Goats : LHP Ryouhei Hosaka
|
Batting: RHB Omar Jordan
|
0-0: Swinging Strike 0-1: Fly out, F9 (Line Drive, 9, EV 93.1 MPH)
|
Batting: RHB Chris King
|
0-0: Ball 1-0: Called Strike 1-1: Ball 2-1: Foul Ball, location: 2F 2-2: Ball 3-2: Ground out 3-1 (Groundball, 34S, EV 83.1 MPH)
|
Batting: RHB Drew Duncan
|
0-0: Ball 1-0: Foul Ball, location: 2F 1-1: Called Strike 1-2: Strikes out swinging
|
Top of the 2nd over - 0 runs, 0 hits, 0 errors, 0 left on base; Augusta 0 - Hartford 1 |
BOTTOM OF THE 2ND |
Hartford Yard Goats batting - Pitching for Augusta GreenJackets : RHP Doug Kennie
|
Batting: RHB Justin Williams
|
0-0: Ball 1-0: Ground out 2-3 (Groundball, 2L, EV 73.1 MPH)
|
Batting: RHB Eric Delgado
|
0-0: Ball 1-0: Foul Ball, location: 2F 1-1: Fly out, F7 (Flyball, 7, EV 77.5 MPH)
|
Batting: RHB Steve Waltenbery
|
0-0: Ground out 6-3 (Groundball, 6, EV 86.3 MPH)
|
Bottom of the 2nd over - 0 runs, 0 hits, 0 errors, 0 left on base; Augusta 0 - Hartford 1 |
TOP OF THE 3RD |
Augusta GreenJackets batting - Pitching for Hartford Yard Goats : LHP Ryouhei Hosaka
|
Batting: LHB Terry Ebersole
|
0-0: Foul Ball, location: 2F 0-1: Swinging Strike 0-2: Foul Ball, location: 2F 0-2: Strikes out swinging
|
Batting: RHB Juan Flores
|
0-0: Ball 1-0: Ball 2-0: SINGLE (Line Drive, 8RS, EV 89.4 MPH)
|
Batting: RHB Alfredo Lemus
|
0-0: Ball 1-0: Called Strike 1-1: DOUBLE (Flyball, 8RXD, EV 110.0 MPH) Juan Flores to third Runner from 3rd tries for Home, SAFE, throw by CF to home
|
Batting: RHB Danny Gallo
|
0-0: Swinging Strike 0-1: Ball 1-1: SINGLE (Groundball, 6MD, EV 105.6 MPH) Alfredo Lemus to third Runner from 3rd tries for Home, SAFE, throw by CF to home
|
Batting: RHB Mike Buchanan
|
0-0: Ball 1-0: Called Strike 1-1: Called Strike 1-2: SINGLE (Groundball, 6D, EV 105.0 MPH) Danny Gallo to second Runner from 2nd tries for 3rd, SAFE, throw by CF made to third Mike Buchanan to second
|
Batting: LHB Carey Horncole
|
0-0: Swinging Strike 0-1: Ball 1-1: Foul Ball, location: 2F 1-2: Ball 2-2: TRIPLE (Flyball, 89XD, EV 110.0 MPH) Danny Gallo scores Mike Buchanan scores
|
Batting: RHB Omar Jordan
|
0-0: Foul Ball, location: 2F 0-1: Ball 1-1: Ball 2-1: Foul Ball, location: 2F 2-2: Ball 3-2: Foul Ball, location: 2F 3-2: Base on Balls
|
Batting: RHB Chris King
|
0-0: Ball 1-0: Called Strike 1-1: SINGLE (Line Drive, 9S, EV 99.4 MPH) Carey Horncole scores Omar Jordan to second
|
Batting: RHB Drew Duncan
|
0-0: Ball 1-0: Ball 2-0: Ball 3-0: Called Strike 3-1: Fielders Choice at 2nd, 6-4 (Groundball, 6, EV 100.0 MPH) Omar Jordan to third
|
Batting: LHB Terry Ebersole
|
0-0: Fielders Choice at 2nd, U6 (Groundball, 4MD, EV 78.8 MPH)
|
Top of the 3rd over - 5 runs, 6 hits, 0 errors, 2 left on base; Augusta 5 - Hartford 1 |
BOTTOM OF THE 3RD |
Hartford Yard Goats batting - Pitching for Augusta GreenJackets : RHP Doug Kennie
|
Batting: SHB Jamie Locke
|
0-0: Ball 1-0: Ground out 3-1 (Groundball, 34, EV 105.0 MPH)
|
Batting: LHB Mick Knopp
|
0-0: Ball 1-0: Foul Ball, location: 2F 1-1: Ball 2-1: Ball 3-1: DOUBLE (Groundball, 5L, EV 106.9 MPH)
|
Batting: SHB Eddie Quinones
|
0-0: Called Strike Mick Knopp steals 3rd base (no throw) 0-1: Ground out 6-3 (Groundball, 6D, EV 103.8 MPH) Mick Knopp scores
|
Batting: SHB In-sung Lee
|
0-0: Called Strike 0-1: Foul Ball, location: 2F 0-2: Ball 1-2: Ball 2-2: Strikes out looking
|
Bottom of the 3rd over - 1 run, 1 hit, 0 errors, 0 left on base; Augusta 5 - Hartford 2 |
TOP OF THE 4TH |
Augusta GreenJackets batting - Pitching for Hartford Yard Goats : LHP Ryouhei Hosaka
|
Batting: RHB Juan Flores
|
0-0: Ball 1-0: Fly out, F6 (Line Drive, 6, EV 62.5 MPH)
|
Batting: RHB Alfredo Lemus
|
0-0: Ball 1-0: Ground out 4-3 (Groundball, 4, EV 79.4 MPH)
|
Batting: RHB Danny Gallo
|
0-0: Swinging Strike 0-1: Ball 1-1: Ball 2-1: Fly out, F8 (Flyball, 8LD, EV 85.6 MPH)
|
Top of the 4th over - 0 runs, 0 hits, 0 errors, 0 left on base; Augusta 5 - Hartford 2 |
BOTTOM OF THE 4TH |
Hartford Yard Goats batting - Pitching for Augusta GreenJackets : RHP Doug Kennie
|
Batting: LHB Jeremy Brammer
|
0-0: Called Strike 0-1: Foul Ball, location: 2F 0-2: Ball 1-2: Strikes out swinging
|
Batting: RHB Kian-tat Chen
|
0-0: DOUBLE (Line Drive, 9LS, EV 107.5 MPH)
|
Batting: RHB Justin Williams
|
0-0: Called Strike 0-1: Swinging Strike 0-2: Ball 1-2: Ball 2-2: Strikes out swinging
|
Batting: RHB Eric Delgado
|
0-0: Ball 1-0: Fly out, F6 (Popup, 6, EV 64.4 MPH)
|
Bottom of the 4th over - 0 runs, 1 hit, 0 errors, 1 left on base; Augusta 5 - Hartford 2 |
TOP OF THE 5TH |
Augusta GreenJackets batting - Pitching for Hartford Yard Goats : LHP Ryouhei Hosaka
|
Batting: RHB Mike Buchanan
|
0-0: Ball 1-0: DOUBLE (Groundball, 5L, EV 108.1 MPH)
|
Batting: LHB Carey Horncole
|
0-0: Called Strike 0-1: Ball 1-1: Ball 2-1: Ball 3-1: Base on Balls
|
Batting: RHB Omar Jordan
|
0-0: Foul Ball, location: 2F 0-1: Ball 1-1: Grounds into double play, 6-4-3 (Groundball, 6, EV 88.1 MPH) Mike Buchanan to third
|
Batting: RHB Chris King
|
0-0: Ball 1-0: Called Strike 1-1: SINGLE (Groundball, 5S, EV 68.1 MPH) (infield hit) Mike Buchanan scores
|
Pitching: LHP Greg Burngooch
|
|
Batting: RHB Drew Duncan
|
0-0: Foul Ball, location: 2F 0-1: Fly out, F8 (Line Drive, 89M, EV 101.9 MPH)
|
Top of the 5th over - 1 run, 2 hits, 0 errors, 1 left on base; Augusta 6 - Hartford 2 |
BOTTOM OF THE 5TH |
Hartford Yard Goats batting - Pitching for Augusta GreenJackets : RHP Doug Kennie
|
Batting: RHB Steve Waltenbery
|
0-0: Ball 1-0: Called Strike 1-1: Foul Ball, location: 2F 1-2: Ball 2-2: Ball 3-2: Foul Ball, location: 2F 3-2: Strikes out swinging
|
Batting: SHB Jamie Locke
|
0-0: Ball 1-0: Fly out, F9 (Flyball, 9LD, EV 90.6 MPH)
|
Batting: LHB Mick Knopp
|
0-0: Ground out 4-3 (Groundball, 4, EV 81.3 MPH)
|
Bottom of the 5th over - 0 runs, 0 hits, 0 errors, 0 left on base; Augusta 6 - Hartford 2 |
TOP OF THE 6TH |
Augusta GreenJackets batting - Pitching for Hartford Yard Goats : LHP Greg Burngooch
|
Batting: LHB Terry Ebersole
|
0-0: Called Strike 0-1: Foul Ball, location: 2F 0-2: Strikes out looking
|
Batting: RHB Juan Flores
|
0-0: Called Strike 0-1: Ball 1-1: Ball 2-1: Foul Ball, location: 2F 2-2: Strikes out swinging
|
Batting: RHB Alfredo Lemus
|
0-0: Ball 1-0: Ball 2-0: Swinging Strike 2-1: Called Strike 2-2: Strikes out swinging
|
Top of the 6th over - 0 runs, 0 hits, 0 errors, 0 left on base; Augusta 6 - Hartford 2 |
BOTTOM OF THE 6TH |
Hartford Yard Goats batting - Pitching for Augusta GreenJackets : RHP Doug Kennie
|
Batting: SHB Eddie Quinones
|
0-0: Ball 1-0: Called Strike 1-1: Ball 2-1: Foul Ball, location: 2F 2-2: Ball 3-2: SINGLE (Line Drive, 89S, EV 100.6 MPH)
|
Batting: SHB In-sung Lee
|
0-0: Ball 1-0: Swinging Strike 1-1: Foul Ball, location: 2F 1-2: Ball 2-2: Fly out, F8 (Flyball, 8RD, EV 95.6 MPH)
|
Batting: LHB Jeremy Brammer
|
0-0: Fly out, F5 (Popup, 25, EV 87.5 MPH)
|
Batting: RHB Kian-tat Chen
|
0-0: Called Strike 0-1: Ball 1-1: SINGLE (Line Drive, 78S, EV 99.4 MPH) Eddie Quinones to second Runner from 2nd tries for 3rd, SAFE, throw by LF made to third
|
Batting: RHB Justin Williams
|
0-0: Ball 1-0: Ball 2-0: Ball 3-0: Base on Balls Kian-tat Chen to second
|
Pitching: LHP Kyle Worford
|
|
Batting: RHB Eric Delgado
|
0-0: Fly out, F8 (Line Drive, 8LD, EV 93.8 MPH)
|
Bottom of the 6th over - 0 runs, 2 hits, 0 errors, 3 left on base; Augusta 6 - Hartford 2 |
TOP OF THE 7TH |
Augusta GreenJackets batting - Pitching for Hartford Yard Goats : LHP Greg Burngooch
|
Pitching: LHP Su-wu Pi
|
|
Batting: RHB Danny Gallo
|
0-0: Called Strike 0-1: Foul Ball, location: 2F 0-2: Fly out, F7 (Flyball, 7, EV 93.8 MPH)
|
Batting: RHB Mike Buchanan
|
0-0: Called Strike 0-1: Ball 1-1: Ball 2-1: Ground out 4-3 (Groundball, 4S, EV 82.5 MPH)
|
Batting: LHB Carey Horncole
|
0-0: Ball 1-0: Foul Ball, location: 2F 1-1: SINGLE (Popup, 34D, EV 61.3 MPH)
|
Batting: RHB Omar Jordan
|
0-0: Foul Ball, location: 2F 0-1: Ball 1-1: Ball 2-1: Swinging Strike 2-2: Ball 3-2: Foul Ball, location: 2F 3-2: Foul Ball, location: 2F 3-2: Strikes out swinging
|
Top of the 7th over - 0 runs, 1 hit, 0 errors, 1 left on base; Augusta 6 - Hartford 2 |
BOTTOM OF THE 7TH |
Hartford Yard Goats batting - Pitching for Augusta GreenJackets : LHP Kyle Worford
|
Batting: RHB Steve Waltenbery
|
0-0: Foul Ball, location: 2F 0-1: Foul Ball, location: 2F 0-2: Strikes out looking
|
Batting: SHB Jamie Locke
|
0-0: Ball 1-0: Foul Ball, location: 2F 1-1: DOUBLE (Groundball, 3L, EV 101.9 MPH)
|
Batting: LHB Mick Knopp
|
0-0: Ball 1-0: Fly out, F5 (Flyball, 5D, EV 92.5 MPH)
|
Batting: SHB Eddie Quinones
|
0-0: Ball 1-0: Foul Ball, location: 2F 1-1: Called Strike 1-2: Fly out, F1 (Line Drive, P, EV 75.6 MPH)
|
Bottom of the 7th over - 0 runs, 1 hit, 0 errors, 1 left on base; Augusta 6 - Hartford 2 |
TOP OF THE 8TH |
Augusta GreenJackets batting - Pitching for Hartford Yard Goats : LHP Su-wu Pi
|
Batting: RHB Chris King
|
0-0: Ball 1-0: Called Strike 1-1: Foul Ball, location: 2F 1-2: Foul Ball, location: 2F 1-2: Ball 2-2: Ball 3-2: SINGLE (Groundball, 4MD, EV 97.5 MPH)
|
Batting: RHB Drew Duncan
|
0-0: Swinging Strike 0-1: Ball 1-1: Foul Ball, location: 2F 1-2: Ball 2-2: Foul Ball, location: 2F 2-2: Grounds into double play, 4-6-3 (Groundball, 4, EV 84.4 MPH)
|
Batting: LHB Terry Ebersole
|
0-0: Ground out 4-3 (Groundball, 4, EV 86.3 MPH)
|
Top of the 8th over - 0 runs, 1 hit, 0 errors, 0 left on base; Augusta 6 - Hartford 2 |
BOTTOM OF THE 8TH |
Hartford Yard Goats batting - Pitching for Augusta GreenJackets : LHP Kyle Worford
|
Pitching: LHP Tommy McCusker
|
|
Batting: SHB In-sung Lee
|
0-0: Ball 1-0: Foul Ball, location: 2F 1-1: TRIPLE (Flyball, 89XD, EV 96.9 MPH)
|
Batting: LHB Jeremy Brammer
|
0-0: Called Strike 0-1: Called Strike 0-2: Ball 1-2: Ball 2-2: Ball 3-2: Strikes out looking
|
Batting: RHB Kian-tat Chen
|
0-0: Ball Wild Pitch! In-sung Lee scores 1-0: SINGLE (Line Drive, 7S, EV 109.4 MPH)
|
Batting: RHB Justin Williams
|
0-0: Called Strike 0-1: Called Strike 0-2: Ball 1-2: SINGLE (Groundball, 4, EV 94.4 MPH) Kian-tat Chen to second Runner from 2nd tries for 3rd, SAFE, throw by CF made to third
|
Batting: RHB Eric Delgado
|
0-0: Ball 1-0: Ground out 4-3 (Groundball, 34D, EV 101.9 MPH) Kian-tat Chen scores Justin Williams to second
|
Batting: RHB Steve Waltenbery
|
0-0: Ball 1-0: DOUBLE (Groundball, 5L, EV 107.5 MPH) Justin Williams scores
|
Batting: SHB Jamie Locke
|
0-0: Ball 1-0: Foul Ball, location: 2F 1-1: SINGLE (Groundball, 56S, EV 68.1 MPH) (infield hit) Steve Waltenbery to third
|
Pinch Hitting: RHB Eric Garrett
|
0-0: Called Strike 0-1: Fly out, F9 (Line Drive, 9, EV 89.4 MPH)
|
Bottom of the 8th over - 3 runs, 5 hits, 0 errors, 2 left on base; Augusta 6 - Hartford 5 |
TOP OF THE 9TH |
Augusta GreenJackets batting - Pitching for Hartford Yard Goats : LHP Su-wu Pi
|
Pitching: RHP Joe Goodale
|
|
Now in CF: Kian-tat Chen
|
|
Now in RF: Eric Garrett
|
|
Pinch Hitting: LHB Gabe Velez
|
0-0: Swinging Strike 0-1: Ball 1-1: Ball 2-1: SINGLE (Line Drive, 6MD, EV 95.0 MPH)
|
Batting: RHB Alfredo Lemus
|
0-0: Bunt missed! 0-1: Sac Bunt to 13S - play at first, batter OUT! 1-4 Gabe Velez to second
|
Batting: RHB Danny Gallo
|
0-0: Ball 1-0: Ground out 6-3 (Groundball, 56D, EV 83.1 MPH)
|
Batting: RHB Mike Buchanan
|
0-0: Ball 1-0: Ball 2-0: Called Strike 2-1: Foul Ball, location: 2F 2-2: Ball 3-2: Strikes out swinging
|
Top of the 9th over - 0 runs, 1 hit, 0 errors, 1 left on base; Augusta 6 - Hartford 5 |
BOTTOM OF THE 9TH |
Hartford Yard Goats batting - Pitching for Augusta GreenJackets : LHP Tommy McCusker
|
Pitching: RHP Nate Heideman
|
|
Now at 2B: Devin Lowery
|
|
Batting: SHB Eddie Quinones
|
0-0: Foul Ball, location: 2F 0-1: Ground out 6-3 (Groundball, 6, EV 109.4 MPH)
|
Batting: SHB In-sung Lee
|
0-0: Ball 1-0: Ball 2-0: Swinging Strike 2-1: Foul Ball, location: 2F 2-2: Foul Ball, location: 2F 2-2: Ball 3-2: Base on Balls
|
Batting: LHB Jeremy Brammer
|
0-0: Ball 1-0: Fly out, F8 (Flyball, 8LM, EV 95.6 MPH)
|
Batting: RHB Kian-tat Chen
|
0-0: Called Strike 0-1: Ball 1-1: Called Strike 1-2: Ball 2-2: Hit by Pitch In-sung Lee to second
|
Batting: RHB Justin Williams
|
0-0: Ball 1-0: Foul Ball, location: 2F 1-1: Foul Ball, location: 2F 1-2: Fielders Choice at 2nd, 6-4 (Groundball, 6, EV 83.8 MPH)
|
Bottom of the 9th over - 0 runs, 0 hits, 0 errors, 2 left on base; Augusta 6 - Hartford 5 |
|